 Dungeon Crawl Stone Soup version 0.28.0-47-ge53b351184 (webtiles) character file.

Game seed: 14149231099264876471

22 Exodus22XD the Covered (level 2, 27/27 HPs)
             Began as a Minotaur Fighter on May 7, 2022.
             Was a Follower of Cheibriados.
             Quit the game on level 1 of the Dungeon.
             The game lasted 00:01:17 (581 turns).

Exodus22XD the Covered (Minotaur Fighter)            Turns: 581, Time: 00:01:18

Health: 27/27      AC:  7    Str: 22    XL:     2   Next: 68%
Magic:  1/1        EV:  9    Int:  7    God:    Cheibriados [*.....]
Gold:   21         SH:  4    Dex: 11    Spells: 1/1 levels left

rFire   . . .      SeeInvis .   a - +0 war axe
rCold   . . .      Faith    .   c - +0 buckler
rNeg    . . .      Spirit   .   b - +0 scale mail
rPois   .          Reflect  .   (helmet restricted)
rElec   .          Harm     .   (no cloak)
rCorr   .          Rampage  .   (no gloves)
Will    .....                   (no boots)
Stlth   ..........              (no amulet)
HPRegen 0.09/turn               (no ring)
MPRegen 0.07/turn               (no ring)

@: very slow
A: horns 2, retaliatory headbutt
a: Renounce Religion, Bend Time


You were on level 1 of the Dungeon.
You worshipped Cheibriados.
Cheibriados was aware of your devotion.
You visited 1 branch of the dungeon, and saw 1 of its levels.

You collected 21 gold pieces.

Inventory:

Hand Weapons
 a - a +0 war axe (weapon)
Armour
 b - a +0 scale mail (worn)
 c - a +0 buckler (worn)
Scrolls
 e - a scroll of blinking {unknown}
Potions
 d - a potion of might


   Skills:
 + Level 4.0 Fighting
 + Level 2.7 Axes
 + Level 4.1 Armour
 + Level 4.0 Shields


You had one spell level left.
You didn't know any spells.
Your spell library was empty.

Dungeon Overview and Level Annotations

Branches:
Dungeon (1/15)

Altars:
Cheibriados

Shops:
D:1 =


Innate Abilities, Weirdness & Mutations

You have a pair of horns on your head.
You reflexively headbutt those who attack you in melee.


Message History

A rat comes into view.
There are monsters nearby!
You slash the kobold!
You kill the kobold!
A rat is nearby!
Things that are here:
a +0 short sword; 3 stones A rat is nearby!
The rat bites you but does no damage.
A rat is nearby!
You slash the rat!
You kill the rat!
Your Fighting skill increases to level 4!
Found 4 poisoned darts.
The golden eye turns its gaze towards you.
No reachable target in view!
Found a faded altar of an unknown god.
No reachable target in view!
The eye of devastation turns its gaze towards you.
The floating eye turns its gaze towards you.
The great orb of eyes turns its gaze towards you.
The eye of devastation pulsates ominously.
The floating eye turns its gaze towards you.
Key pressed, stopping explore.
No reachable target in view!
No reachable target in view!
The golden eye pulsates ominously.
There is a faded altar of an unknown god here.
Unknown command.
Press < or > to pray at altars.
You cannot tell which god this altar belongs to.
Convert to them anyway? [Y]es or [N]o only, please.
You cannot tell which god this altar belongs to.
Convert to them anyway?
Cheibriados accepts your prayer! Cheibriados welcomes you!
Cheibriados begins to support your attributes as your movement slows.
Cheibriados is now slowing the effects of poison on you.
You can now bend time to slow others.
Cheibriados raises the support of your attributes as your movement slows.
Are you sure you want to abandon this character and quit the game? (Confirm with "yes".)

....#.#
#.....#)#..#
....#.#
#.....#....#
....'.#
#.....##...#
....###
#.....##...# ....#
##.....###..######
....#
#......+..>......#
....#
#......#########.#
##### #......# #.#
#@.....# #.#
#.###### #.# #.#
#.# ##.########
#.# #.........#
#.# #.####..#.####
#.# #............#
#.# #..###...###.#
#.# #..#G#...#G#.#
#.#


There were no monsters in sight!

Vanquished Creatures
  An endoplasm (D:1)
  2 giant cockroaches (D:1)
  3 goblins (D:1)
  3 hobgoblins (D:1)
  2 jackals (D:1)
  A quokka (D:1)
  A frilled lizard (D:1)
  3 kobolds (D:1)
  3 rats (D:1)
19 creatures vanquished.

Notes
Turn   | Place    | Note
-------+----------+-------------------------------------------
     0 | D:1      | Exodus22XD the Minotaur Fighter began the quest for the
                  | Orb.
     0 | D:1      | Reached XP level 1. HP: 19/19 MP: 0/0
   112 | D:1      | Reached XP level 2. HP: 25/27 MP: 1/1
   168 | D:1      | Found Ibalarij's Jewellery Boutique.
   520 | D:1      | Noticed a golden eye
   522 | D:1      | Found a faded altar of an unknown god.
   524 | D:1      | Noticed an eye of devastation
   524 | D:1      | Noticed a floating eye
   524 | D:1      | Noticed a great orb of eyes
   566 | D:1      | Prayed at the altar of an unknown god.
   566 | D:1      | Became a worshipper of Cheibriados the Contemplative
   566 | D:1      | Reached * piety under Cheibriados
   581 | D:1      | Quit the game

Illustrated notes

Levels and vault maps discovered:
D:1:      saegor_arrival_simple_d, layout_basic,
          hellmonk_ecumenical_altar_watching_god, serial_shops, shop

Skill      XL: |  1  2 |
---------------+-------+-----
Armour         | 4 |  4.1
Shields        | 4 |  4.0
Fighting       | 4 |  4.0
Axes           | |  2.7

Action                   || total
-------------------------++-------
Melee: War axe           ||    41
       Headbutt          ||     3
Armor: Scale mail        ||    20
Dodge: Dodged            ||    21
Block: Buckler           ||     8
